 Dungeon Crawl Stone Soup version 0.27-a0-366-g8badd94918 (webtiles) character file.

Game seed: 10431645310036602935

37 jestyr24 the Skirmisher (level 3, 34/34 HPs)
             Began as a Minotaur Monk on Feb 16, 2021.
             Quit the game on level 1 of the Dungeon.
             The game lasted 00:02:44 (750 turns).

jestyr24 the Skirmisher (Minotaur Monk)              Turns: 750, Time: 00:02:45

Health: 34/34      AC:  2    Str: 16    XL:     3   Next: 21%
Magic:  2/2        EV: 13    Int:  7    God:
Gold:   136        SH:  0    Dex: 12    Spells: 2/2 levels left

rFire    . . .     SeeInvis .   a - +0 hand axe
rCold    . . .     Faith    .   (no shield)
rNeg     . . .     Spirit   .   b - +0 robe
rPois    .         Reflect  .   (helmet restricted)
rElec    .         Harm     .   (no cloak)
rCorr    .         Rampage  .   (no gloves)
Will     .....                  (no boots)
Stlth    ++........             (no amulet)
HPRegen  0.11/turn              (no ring)
MPRegen  0.08/turn              (no ring)

@: no status effects
A: retaliatory headbutt, horns 2
a: no special abilities


You were on level 1 of the Dungeon.
You visited 1 branch of the dungeon, and saw 1 of its levels.

You collected 136 gold pieces.

Inventory:

Hand Weapons
 a - a +0 hand axe (weapon)
Armour
 b - a +0 robe (worn)
Potions
 c - 2 potions of lignification {unknown}
 d - a potion of invisibility {unknown}
 e - a potion of resistance {unknown}


   Skills:
 + Level 4.4 Fighting
 + Level 4.3 Axes
 + Level 3.5 Dodging
 + Level 1.6 Stealth


You had 2 spell levels left.
You didn't know any spells.
Your spell library was empty.

Dungeon Overview and Level Annotations

Branches:
Dungeon (1/15)

Altars:


Innate Abilities, Weirdness & Mutations

You reflexively headbutt those who attack you in melee.
You have a pair of horns on your head.


Message History

A hobgoblin comes into view. It is wielding a +0 club.
The hobgoblin shouts!
You hit the hobgoblin but do no damage.
You headbutt the hobgoblin, but do no damage.
You hit the bush but do no damage. The hobgoblin completely misses you.
You furiously retaliate!
You headbutt the hobgoblin!
You kill the hobgoblin!
You see here a +0 club.
You open the door.
There is an open door here.
An ooze comes into view.
Found a viscous red potion.
A rat comes into view.
Found a mace.
Found a morningstar.
The rat bites you but does no damage.
You closely miss the rat.
The ooze quivers.
The rat bites you. The rat closely misses you.
You hit the rat.
You kill the rat!
You hit the ooze but do no damage. The ooze closely misses you.
The ooze completely misses you.
You hit the ooze but do no damage. You headbutt the ooze!
The ooze is severely wounded.
The ooze hits you but does no damage.
You hit the ooze.
The ooze is almost dead.
The ooze barely misses you. You furiously retaliate!
You headbutt the ooze, but do no damage.
You completely miss the ooze. You headbutt the ooze.
You kill the ooze!
e - a viscous red potion You see here a mace.
You see here a morningstar.
You now have 136 gold pieces (gained 15).
A frilled lizard comes into view.
The frilled lizard hisses angrily.
Unknown command.
Are you sure you want to abandon this character and quit the game? (Confirm with "yes".) #........♣ #........♣ ♣♣. #).......♣ Pl.

#......†.♣♣ ..
#.........♣♣ .P
#..........# P♣♣
#####.####.#♣♣..♣
#.).##....♣..♣
##.##...#.@..#
###....######
######


You could see a frilled lizard.

Vanquished Creatures
  An ooze (D:1)
  2 dart slugs (D:1)
  2 leopard geckos (D:1)
  A ball python (D:1)
  4 bats (D:1)
  A giant cockroach (D:1)
  3 goblins (D:1)
  2 hobgoblins (D:1)
  4 frilled lizards (D:1)
  2 kobolds (D:1)
  5 rats (D:1)
27 creatures vanquished.

Vanquished Creatures (others)
  9 plants (D:1)
9 creatures vanquished.

Grand Total: 36 creatures vanquished

Notes
Turn   | Place    | Note
-------+----------+-------------------------------------------
     0 | D:1      | jestyr24 the Minotaur Monk began the quest for the Orb.
     0 | D:1      | Reached XP level 1. HP: 19/19 MP: 0/0
    27 | D:1      | Reached XP level 2. HP: 27/27 MP: 1/1
   665 | D:1      | Reached XP level 3. HP: 33/33 MP: 2/2
   750 | D:1      | Quit the game

Illustrated notes

Levels and vault maps discovered:
D:1:      lightli_arrival_boilingwater, layout_basic, serial_forest,
          infiniplex_forest_join, infiniplex_forest_lined_corner,
          infiniplex_forest_clump_double, infiniplex_forest_end_2,
          infiniplex_forest_clump_small, infiniplex_forest_straight_1,
          infiniplex_forest_end_3, nrook_loot_triangle

Skill      XL: |  1  2 |
---------------+-------+-----
Fighting       | 4 |  4.4
Axes           | 4 |  4.3
Dodging        | |  3.5
Stealth        | |  1.6

Action                   || total
-------------------------++-------
Melee: Hand axe          ||    65
       Headbutt          ||    15
 Stab: Sleeping          ||     3
Armor: Robe              ||    13
Dodge: Dodged            ||    56

Table legend: (Time is in decaauts)
 A = Elapsed time spent in this place.
 B = Non-inter-level travel time spent in this place.
 C = Inter-level travel time spent in this place.
 D = Time resting spent in this place.
 E = Time spent auto-exploring this place.
 F = Levels seen in this place.
 G = Mean time per level.
                   A        B        C        D        E       F      G
               +--------+--------+--------+--------+--------+-----+--------+
         Total |    758 |    758 |      0 |      0 |    520 |   1 |  758.0 |
       Dungeon |    758 |    758 |      0 |      0 |    520 |   1 |  758.0 |
               +--------+--------+--------+--------+--------+-----+--------+

Top non-repeatable levels by time:
     D:1: 758 daAuts
